 Dungeon Crawl Stone Soup version 0.24-a0-720-gbbc45b0 (webtiles) character file.

Game seed: 13540002797389676370, levelgen mode: deterministic

4193 snetch the Spear-Bearer (level 10, 0/88 HPs)
             Began as a Minotaur Berserker on Sept 30, 2019.
             Was an Elder of Trog.
             Hit by a large rock thrown by a cyclops (4 damage)
             ... on level 8 of the Dungeon.
             The game lasted 00:20:33 (6475 turns).

snetch the Spear-Bearer (Minotaur Berserker)        Turns: 6475, Time: 00:20:34

Health: 0/88       AC: 10    Str: 26    XL:     10   Next: 8%
Magic:  9/9        EV: 15    Int:  4    God:    Trog [****..]
Gold:   104        SH:  0    Dex: 15    Spells: 9/9 levels left

rFire    . . .     SeeInvis .   b - +7 spear of Forgiveness {flame, rElec}
rCold    . . .     Gourm    .   (no shield)
rNeg     + . .     Faith    .   o - +2 ring mail {rN+}
rPois    .         Spirit   .   (helmet restricted)
rElec    +         Reflect  .   (no cloak)
rCorr    .         Harm     .   x - +0 pair of gloves
MR       .....                  (no boots)
Stlth    ++........             D - amulet of inaccuracy (curse)
HPRegen  0.24/turn              f - +6 ring of dexterity
MPRegen  0.11/turn              w - ring of flight

@: barbed spikes
A: retaliatory headbutt, horns 2
a: Berserk, Trog's Hand, Brothers in Arms, Renounce Religion, Evoke Flight


You were on level 8 of the Dungeon.
You worshipped Trog.
Trog was greatly pleased with you.
You were not hungry.

You visited 1 branch of the dungeon, and saw 8 of its levels.

You collected 257 gold pieces.
You spent 153 gold pieces at shops.

Inventory:

Hand Weapons
 a - a +2 war axe of flaming
 b - the +7 spear of Forgiveness (weapon) {flame, rElec}
   (You found it on level 4 of the Dungeon)

   It has been specially enchanted to burn those struck by it, causing extra
   injury to most foes and up to half again as much damage against particularly
   susceptible opponents.
   It insulates you from electricity.
 l - a +0 war axe of electrocution
 E - a +2 trident of flaming
 G - a +0 hunting sling
 H - a +0 quarterstaff
Missiles
 e - 226 stones (quivered)
 j - 162 bolts
 m - 143 sling bullets
 n - 2 throwing nets
 q - 21 poisoned darts
 s - 102 arrows
Armour
 o - a +2 ring mail of positive energy (worn)
 x - a +0 pair of gloves (worn)
Jewellery
 f - a +6 ring of dexterity (left hand)
 w - a ring of flight (right hand)
 D - a cursed amulet of inaccuracy (around neck)
Wands
 v - a wand of acid (9)
Scrolls
 h - 6 scrolls of teleportation
 r - 4 scrolls of remove curse
 u - 2 scrolls of noise {unknown}
 y - a scroll of enchant weapon
 z - a scroll of fog
 A - 6 scrolls of amnesia {unknown}
 C - 5 scrolls of fear
 F - a scroll of magic mapping {unknown}
 I - a scroll of immolation {unknown}
Potions
 d - 3 potions of lignification {unknown}
 g - 8 potions of curing {unknown}
 i - a potion of heal wounds
 k - a potion of invisibility
 t - a potion of mutation {unknown}
 B - a potion of agility {unknown}
Comestibles
 c - 15 rations
 p - 11 chunks of flesh


   Skills:
 + Level 7.9 Fighting
 + Level 7.6(9.7) Axes
   Level 3.8(6.2) Maces & Flails
 + Level 8.5(9.8) Polearms
 + Level 8.5 Armour
 + Level 6.0 Dodging
 + Level 3.1 Stealth


You had 9 spell levels left.
You didn't know any spells.
Your spell library contained the following spells:

 Spells                   Type           Power        Failure   Level  Hunger
 Confusing Touch          Hex            #.....       63%         1    ##.....
 Confuse                  Hex            #.......     94%         3    ####...
 Gell's Gravitas          Tloc           #.........   94%         3    ####...
 Petrify                  Tmut/Erth      #.......     100%        4    #####..
 Metabolic Englaciation   Hex/Ice        #.........   100%        5    ######.
 Yara's Violent Unravell  Hex/Tmut       #.........   100%        5    ######.


Dungeon Overview and Level Annotations

Branches:
Dungeon (8/15)
 Temple: D:4-7         Lair: D:8-11

Altars:
Nemelex Xobeh
Uskayaw
Xom
Zin

Shops:
D:4 [*?*   D:7 *

Annotations:
D:5 2 runed translucent doors


Innate Abilities, Weirdness & Mutations

You reflexively headbutt those who attack you in melee.
You have a pair of horns on your head.


Message History

The cyclops throws a large rock.
The large rock hits you!!!
* * * LOW HITPOINT WARNING * * *
You see here a large rock.
The manticore flicks its tail.
The volley of spikes hits you!
The barbed spikes become lodged in your body.
* * * LOW HITPOINT WARNING * * *
Fire/throw which item? (* to show all) (? for menu, Esc to quit)
Throwing (i - inventory. (/) - cycle)
e - 226 stones (quivered)
Press: ? - help, Shift-Dir - straight line, f - cyclops
Aim: a cyclops You throw a poisoned dart.
The poisoned dart hits the cyclops.
Fire/throw which item? (* to show all) (? for menu, Esc to quit)
Throwing (i - inventory. (/) - cycle)
e - 226 stones (quivered)
Press: ? - help, Shift-Dir - straight line, f/p - cyclops
Aim: a cyclops You throw a poisoned dart.
The poisoned dart hits the cyclops.
The cyclops is poisoned.
The cyclops throws a large rock.
The large rock hits you.
You die...

.##.##...###...##.##
##...##...#...##...#
##.#.###)....###...##
#.....###...###.....#
###.######.####..#..##
.......# #)# #..##...#
#.....####.###...##..##
#.#.#.#.##.##......H..#
..#.#..รท##.##..(@..C..##
######'##'##'#########'#
..#.#.##.##.........##.#
.#.#..##.##.##########.#
#.#.###.#.##......## #O#
#.##.##.#.########)# #.#
.#.###.#.#.##.....## #a#
# #. #.#.#.##.#####


CZ5 . ##.#.#.#.##..## H#[ You could see a manticore and a cyclops.

Vanquished Creatures
  Joseph (D:8)
  Grinder (D:3)
  A hippogriff (D:8)
  A wyvern (D:4)
  2 water moccasins (D:8)
  A soldier ant (D:8)
  An ice beast (D:8)
  A phantom (D:8)
  6 ogres
  5 centaurs
  A big kobold (D:8)
  4 bullfrogs
  2 wyvern skeletons
  2 scorpions
  A water moccasin skeleton (D:4)
  A howler monkey (D:4)
  4 crimson imps
  A bullfrog zombie (D:6)
  9 hounds
  A quasit (D:6)
  An orc priest (D:4)
  2 jellies
  4 bullfrog skeletons
  2 orc wizards
  2 centaur skeletons (D:5)
  3 iguanas
  4 worker ants
  A killer bee zombie (D:6)
  A hound zombie (D:8)
  A worker ant zombie (D:5)
  A howler monkey zombie (D:6)
  5 gnolls
  14 adders
  2 shadow imps (D:8)
  An adder skeleton (D:8)
  3 worms
  3 dart slugs
  4 leopard geckos
  18 orcs
  2 ball pythons
  5 giant cockroaches
  5 goblins
  11 hobgoblins
  16 jackals
  4 quokkas
  4 bats
  8 frilled lizards
  11 kobolds
  A leopard gecko skeleton (D:5)
  4 rats
189 creatures vanquished.

Notes
Turn   | Place    | Note
-------+----------+-------------------------------------------
     0 | D:1      | snetch the Minotaur Berserker began the quest for the Orb.
     0 | D:1      | Reached XP level 1. HP: 19/19 MP: 0/0
    92 | D:1      | Reached XP level 2. HP: 25/27 MP: 1/1
   328 | D:2      | Noticed an ogre
   333 | D:2      | Killed an ogre
   333 | D:2      | Reached skill level 5 in Axes
   333 | D:2      | Reached XP level 3. HP: 34/34 MP: 2/2
   333 | D:2      | Reached XP level 4. HP: 41/41 MP: 3/3
  1273 | D:2      | Reached ** piety under Trog
  1273 | D:2      | Reached skill level 5 in Fighting
  1486 | D:2      | Reached XP level 5. HP: 48/48 MP: 4/4
  1604 | D:2      | Reached skill level 1 in Maces & Flails
  1607 | D:2      | HP: 2/72 [gnoll/+0 halberd (15)]
  1612 | D:2      | HP: 1/48 [poisoned by an adder]
  1667 | D:2      | Found a glowing silver altar of Zin.
  2639 | D:4      | Reached XP level 6. HP: 56/56 MP: 5/5
  2965 | D:3      | Noticed Grinder
  2972 | D:3      | Reached *** piety under Trog
  2992 | D:3      | Paralysed by Grinder for 7 turns
  3025 | D:3      | Killed Grinder
  3025 | D:3      | Reached skill level 1 in Stealth
  3060 | D:3      | Reached XP level 7. HP: 48/63 MP: 6/6
  3496 | D:4      | Found Pomilaoj's Assorted Antiques.
  3503 | D:4      | Bought a scroll labeled GIGEDOENEU for 27 gold pieces
  3503 | D:4      | Bought a scroll labeled WEIWUF SASSEGA for 27 gold pieces
  3504 | D:4      | Found Vunejis's General Store.
  3541 | D:4      | Found Yxejieg's Armour Shoppe.
  3556 | D:4      | Found a large runed translucent door.
  3556 | D:4      | Noticed a wyvern
  3557 | D:4      | Found a large runed translucent door.
  3560 | D:4      | Found a large runed translucent door.
  3560 | D:4      | Found a large runed translucent door.
  3565 | D:4      | Found Ynikkass's Magic Scroll Emporium.
  3604 | D:4      | Bought a scroll of random uselessness for 14 gold pieces
  3957 | D:5      | Entered Level 5 of the Dungeon
  4150 | D:4      | Reached skill level 5 in Armour
  4151 | D:4      | Found a shimmering altar of Xom.
  4155 | D:4      | Found a sparkling altar of Nemelex Xobeh.
  4160 | D:4      | Found a hide-covered altar of Uskayaw.
  4288 | D:4      | Got a fine spear
  4296 | D:4      | Identified the +7 spear of Forgiveness {flame, rElec} (You
                  | found it on level 4 of the Dungeon)
  4328 | D:4      | Reached XP level 8. HP: 71/71 MP: 7/7
  4506 | D:5      | Found a runed translucent door.
  4511 | D:5      | Found a runed translucent door.
  4519 | D:5      | Reached skill level 1 in Polearms
  4985 | D:5      | Reached **** piety under Trog
  5471 | D:6      | Reached XP level 9. HP: 55/79 MP: 8/8
  5846 | D:7      | Reached skill level 5 in Dodging
  5884 | D:7      | Found Vyiclig's General Store.
  5888 | D:7      | Bought a scroll of fear for 35 gold pieces
  5888 | D:7      | Bought a scroll of teleportation for 30 gold pieces
  5888 | D:7      | Bought a scroll of identify for 20 gold pieces
  5993 | D:8      | Reached skill level 5 in Polearms
  6055 | D:8      | Noticed Joseph
  6075 | D:8      | Killed Joseph
  6364 | D:8      | Reached XP level 10. HP: 54/88 MP: 9/9
  6371 | D:8      | Noticed a cyclops
  6373 | D:8      | Noticed a manticore
  6473 | D:8      | HP: 3/88 [manticore/volley of spikes (13)]
  6475 | D:8      | Hit by a large rock thrown by a cyclops

Levels and vault maps discovered:
D:1:      dpeg_arrival_arbitrary_c, layout_loops_ring, serial_forest,
          infiniplex_forest_straight_3, infiniplex_forest_end_1,
          infiniplex_forest_zigzag_1, infiniplex_forest_clump_diagonal,
          infiniplex_forest_clump_diagonal, infiniplex_forest_lined_corner,
          infiniplex_forest_clump_curved
D:2:      layout_basic, zin_academy, minmay_crystal_water
D:3:      layout_basic, first_ration, minmay_joined_circles, uniq_grinder
D:4:      layout_cave_pods, minmay_overflow_temple_star_quad, serial_shops,
          nicolae_shop_crystal, nicolae_shop_trees, shop,
          nicolae_shop_competitors_out_of_business,
          minmay_hollow_rounded_squares
D:5:      lemuel_insect_pit, layout_gridville
D:6:      layout_gridville
D:7:      layout_loops_ring, minmay_temple_entry_offerings, serial_shops,
          kennysheep_little_box, the_bakery, uniq_menkaure
D:8:      minmay_the_grid_triangle_9x9_rhombus_full
          [minmay_the_grid_triangle_9x9_corruption,
          minmay_the_grid_triangle_9x9_stretched_checkered,
          minmay_the_grid_triangle_9x9_negative_grid,
          minmay_the_grid_triangle_9x9_alien,
          minmay_the_grid_triangle_9x9_sprig,
          minmay_the_grid_triangle_9x9_pentomino_pain,
          minmay_the_grid_triangle_9x9_impossible_snake,
          minmay_the_grid_triangle_9x9_prize_center], layout_rooms,
          lightli_ossuary_entry_decrepit_ruins, uniq_joseph

Skill      XL: |  1  2  3  4  5  6  7  8  9 10 |
---------------+-------------------------------+-----
Axes           | 4 5 6 7 |  7.6
Fighting       | 4 5 6 7 |  7.9
Armour         | 3 4 5 7 8 |  8.5
Maces & Flails | 2 3 |  3.8
Dodging        | 3 4 5 6 |  6.0
Stealth        | 1 3 |  3.1
Polearms       | 4 8 |  8.5

Action                   |  1- 3 |  4- 6 |  7- 9 | 10-12 || total
-------------------------+-------+-------+-------+-------++-------
Melee: Hand axe          |    19 |       |       |       ||    19
       Headbutt          |     2 |    19 |    45 |     3 ||    69
       Mace              |       |   164 |    25 |       ||   189
       Unarmed           |       |     8 |       |       ||     8
       War axe           |       |       |    62 |       ||    62
       Spear             |       |       |   214 |    11 ||   225
Throw: Stone             |       |     4 |       |       ||     4
       Dart              |       |       |       |     2 ||     2
Invok: Berserk           |     1 |     1 |     2 |       ||     4
       Trog's Hand       |       |     4 |     2 |       ||     6
  Use: Scroll            |       |     1 |     6 |       ||     7
 Stab: Sleeping          |       |       |     3 |       ||     3
  Eat: Chunk             |       |    10 |    13 |     1 ||    24
Armor: Animal skin       |     4 |       |       |       ||     4
       Leather armour    |     2 |    40 |     5 |       ||    47
       Skin              |       |     6 |       |       ||     6
       Chain mail        |       |       |    49 |       ||    49
       Ring mail         |       |       |    55 |     5 ||    60
Dodge: Dodged            |    18 |   146 |   169 |     9 ||   342

Table legend:
 A = Non-vault XP
 B = Vault XP
 C = Vault XP percentage of total XP
 D = Non-vault monster count
 E = Vault monster count
 F = Vault count percentage of total count
                 A         B        C        D         E       F
            +---------+---------+-------+---------+---------+-------
      Total |    3055 |    2936 |  49.0 |     144 |      45 |  23.8
            +---------+---------+-------+---------+---------+-------
        D:1 |      39 |       0 |   0.0 |      16 |       0 |   0.0
        D:2 |     242 |       0 |   0.0 |      24 |       0 |   0.0
        D:3 |     106 |     371 |  77.8 |      26 |      14 |  35.0
        D:4 |     411 |     466 |  53.1 |      27 |      10 |  27.0
        D:5 |     652 |       0 |   0.0 |      19 |       0 |   0.0
        D:6 |     777 |       0 |   0.0 |      20 |       0 |   0.0
        D:7 |      87 |       0 |   0.0 |       2 |       0 |   0.0
        D:8 |     741 |    2099 |  73.9 |      10 |      21 |  67.7
            +---------+---------+-------+---------+---------+-------
